Selects Italian Combined Arms Battlegroup
Selects Bersaglieri Squad
Construct Light Support Kompanie
Selects Bersaglieri Bolster
le.IG 18 Support Gun Team
Pak 38 Anti-tank Gun Team
Selects Breda Model 30 Light Machine Guns
Construct Mechanized Kompanie
254 Reconnaissance Tractor
Pak 38 Anti-tank Gun Team
Selects Semovente da 75/18 Assault Gun
Selects Carro Armato M13/40 Light Tank
Carro Armato M13/40 Light Tank